 Dungeon Crawl Stone Soup version 0.30-a0-1163-gf69bf04e7a (webtiles) character file.

Game seed: 550814995758111588

303 Jeffwins the Slasher (level 6, -1/50 HPs)
             Began as a Human Wanderer on Apr 29, 2023.
             Slain by a centaur (5 damage)
             ... on level 4 of the Dungeon.
             The game lasted 00:05:33 (3454 turns).

Jeffwins the Slasher (Human Wanderer)               Turns: 3454, Time: 00:05:34

Health: -1/50      AC:  3    Str: 12 (14) XL:     6   Next: 65%
Magic:  8/8        EV: 11    Int: 12 (13) God:
Gold:   170        SH:  0    Dex: 10 (12) Spells: 8/8 levels left

rFire   . . .        t - +6 trident of Dissent {venom, Fly Dex+2}
rCold   . . .        (no shield)
rNeg    . . .        v - +0 leather armour
rPois   .            (no helmet)
rElec   .            o - scarf {repulsion}
rCorr   .            (no gloves)
SInv    .            (no boots)
Will    .....        (no amulet)
Stlth   ++           (no ring)
HPRegen 0.28/turn    (no ring)
MPRegen 0.11/turn

%: repel missiles, clarity
@: flying, hasted, very quick
A: talons 1, clarity, dopey 1, robust 1
a: no special abilities


You were on level 4 of the Dungeon.
You visited 1 branch of the dungeon, and saw 4 of its levels.

You collected 227 gold pieces.
You spent 57 gold pieces at shops.


Innate Abilities, Weirdness & Mutations

You have sharp toenails.
You possess an exceptional clarity of mind.
You are dopey. (Int -2)
You are robust. (+10% HP)


   Skills:
 + Level 2.7 Fighting
 - Level 6.0 Long Blades
 - Level 2.0 Maces & Flails
 * Level 1.7 Polearms
 + Level 1.4 Throwing
 - Level 1.0 Dodging
 + Level 2.6 Stealth
 + Level 1.9 Spellcasting
 - Level 1.0 Evocations


You had 8 spell levels left.
You didn't know any spells.
Your spell library contained the following spells:

 Spells                   Type           Power      Damage    Failure   Level
 Kiss of Death            Conj/Necr      4%         2d5       34%         1
 Confusing Touch          Hex            1%         N/A       71%         3
 Dispel Undead            Necr           1%         3d6       98%         4

Inventory:

Hand Weapons
 a - a +3 falchion
 b - a +0 mace
 t - the +6 trident of Dissent (weapon) {venom, Fly Dex+2}
   (You found it on level 3 of the Dungeon)

   Dex:       It affects your dexterity (+2).
   Fly:       It grants you flight.
 y - a +2 morningstar of flaming
Missiles
 i - 6 poisoned darts (quivered)
 m - 4 javelins
 w - a throwing net {=f}
Armour
 d - a +0 robe
 o - a scarf of repulsion (worn)
 v - a +0 leather armour (worn)
Jewellery
 C - a ring of ice
Scrolls
 c - a scroll of immolation {unknown}
 f - a scroll of torment {unknown}
 g - 3 scrolls of blinking
 h - 8 scrolls of identify {unknown}
 j - 2 scrolls of magic mapping {unknown}
 k - a scroll of amnesia {unknown}
 p - a scroll of enchant armour {unknown}
 r - 2 scrolls of fog {unknown}
 s - a scroll of poison {unknown}
 x - a scroll of teleportation {unknown}
Potions
 l - 2 potions of brilliance
 u - a potion of curing {@q1}
 z - a potion of heal wounds {unknown}
 A - a potion of might

Dungeon Overview and Level Annotations

Branches:
Dungeon (4/15)
 Temple: D:4-7

Altars:
Okawaru

Shops:
D:2

* ...#..............
...#...............#
...#...............#
...#...............#
...#...............#
...##...##.####....#
....#...##.####....#
....#..............#
....'...........@>.#
....#............c.#
....##+######......#
....# #......# ....+
#......# ....#
######## ....# ....#
...


You could see a centaur.


Message History

Unknown command.
The centaur shoots an arrow.
The arrow hits you!
* * * LOW HITPOINT WARNING * * *
The centaur shoots an arrow.
The arrow closely misses you.
The centaur unwields a +0 shortbow.
The centaur hits you.
* * * LOW HITPOINT WARNING * * *
The centaur kicks you.
* * * LOW HITPOINT WARNING * * *
You feel better. The centaur barely misses you. The centaur closely misses you.
The centaur misses you.
The centaur kicks you but does no damage.
A centaur is nearby!
You aren't carrying any items that you can evoke.
Unknown command.
Unknown command.
Okay, then.
It was a potion of haste.
You feel yourself speed up. The centaur hits you.
* * * LOW HITPOINT WARNING * * *
The centaur barely misses you.
It was a potion of degeneration.
There was something very wrong with that liquid.
You feel weakened.
You feel dopey.
You feel clumsy. The centaur hits you.
* * * LOW HITPOINT WARNING * * *
The centaur barely misses you.
It was a potion of mutation.
You feel extremely strange.
Your thoughts seem clearer.
You feel robust.
You feel stupid.
Your toenails lengthen and sharpen.
The centaur hits you.
You die...

Skill      XL: |  1  2  3  4  5  6 |
---------------+-------------------+-----
Stealth        | 1 2 |  2.6
Spellcasting   | 1 |  1.9
Fighting       | 2 |  2.7
Long Blades    | 6 |  6.0
Throwing       | 1 |  1.4
Polearms       | 1 |  1.7
Maces & Flails | |  2.0
Dodging        | |  1.0
Evocations     | |  1.0

Action                     |  1- 3 |  4- 6 || total
---------------------------+-------+-------++-------
  Melee: Falchion          |    70 |   128 ||   198
         Punch             |     2 |     1 ||     3
         Trident           |       |    61 ||    61
    Use: Scroll            |     1 |       ||     1
         Potion            |       |     8 ||     8
   Stab: Sleeping          |     2 |     7 ||     9
 Armour: Robe              |    11 |    27 ||    38
         Leather armour    |       |    10 ||    10
  Dodge: Dodged            |    30 |   106 ||   136

Levels and vault maps discovered:
D:1:      shiori_shiawase, layout_loops_ring, serial_aquarium,
          aquarium_bridge_straight [aquarium_subvault_bridge,
          aquarium_subvault_wall, aquarium_subvault_bridge,
          aquarium_subvault_wall], aquarium_window_corridor_1,
          aquarium_window_1, aquarium_view_2f
D:2:      layout_basic, basic_altar, serial_shops, nicolae_shop_rolling_square,
          minmay_pentomino_r2
D:3:      corexii_shack_village, layout_loops_cross
D:4:      layout_gridville

Notes
Turn   | Place    | Note
-------+----------+-------------------------------------------
     0 | D:1      | Jeffwins the Human Wanderer began the quest for the Orb.
     0 | D:1      | Jeffwins set off with the following items: a +3 falchion, a
                  | +0 mace, a potion of curing {@q1}, a +0 robe.
     0 | D:1      | Reached XP level 1. HP: 15/15 MP: 1/1
   109 | D:1      | You fall into a shaft and drop 1 floor!
   121 | D:2      | Reached XP level 2. HP: 19/21 MP: 2/2
   150 | D:2      | Reached skill level 1 in Stealth
   150 | D:2      | Reached XP level 3. HP: 19/26 MP: 3/3
   890 | D:2      | Found Usyr's Assorted Antiques.
   897 | D:2      | Bought a lumpy orange potion for 27 gold pieces
   897 | D:2      | Bought a scroll labelled DOQ WEOSSOW for 30 gold pieces
   920 | D:2      | Reached XP level 4. HP: 32/33 MP: 5/5
   934 | D:2      | Reached skill level 1 in Spellcasting
  1035 | D:2      | Found an iron altar of Okawaru.
  1106 | D:2      | HP: 3/33 [poisoned by an adder]
  1458 | D:3      | Reached skill level 2 in Fighting
  1582 | D:3      | Reached XP level 5. HP: 38/38 MP: 6/6
  1716 | D:3      | Reached skill level 2 in Stealth
  2208 | D:3      | Identified the +6 trident of Dissent {venom, Fly Dex+2}
  2468 | D:4      | Reached skill level 6 in Long Blades
  2581 | D:4      | Reached XP level 6. HP: 34/46 MP: 8/8
  2590 | D:4      | Reached skill level 1 in Throwing
  2751 | D:3      | Reached skill level 1 in Polearms
  3450 | D:4      | HP: 3/46 [centaur (6)]
  3454 | D:4      | Gained mutation: You possess an exceptional clarity of
                  | mind. [potion of mutation]
  3454 | D:4      | Gained mutation: You are robust. (+10% HP) [potion of
                  | mutation]
  3454 | D:4      | Gained mutation: You are dopey. (Int -2) [potion of
                  | mutation]
  3454 | D:4      | Gained mutation: You have sharp toenails. [potion of
                  | mutation]
  3454 | D:4      | Slain by a centaur

Vanquished Creatures
  2 orc priests
  An iguana (D:4)
  An orc wizard (D:3)
  3 gnolls
  4 adders
  An ufetubus (D:4)
  A worm (D:2)
  5 dart slugs
  12 orcs
  3 bats
  6 endoplasms
  3 giant cockroaches
  13 hobgoblins
  11 jackals
  5 ball pythons
  2 frilled lizards
  10 goblins
  7 kobolds
  4 rats
94 creatures vanquished.

Table legend: (Time is in decaauts)
 A = Elapsed time spent in this place.
 B = Non-inter-level travel time spent in this place.
 C = Inter-level travel time spent in this place.
 D = Time resting spent in this place.
 E = Time spent auto-exploring this place.
 F = Levels seen in this place.
 G = Mean time per level.
                   A        B        C        D        E       F      G
               +--------+--------+--------+--------+--------+-----+--------+
         Total |   3475 |   3403 |     72 |    265 |   2429 |   4 |  868.8 |
       Dungeon |   3475 |   3403 |     72 |    265 |   2429 |   4 |  868.8 |
               +--------+--------+--------+--------+--------+-----+--------+

Top non-repeatable levels by time:
     D:3: 1287 daAuts
     D:4: 732 daAuts
     D:1: 731 daAuts
     D:2: 724 daAuts

Table legend:
 A = Non-vault XP
 B = Vault XP
 C = Vault XP percentage of total XP
 D = Non-vault monster count
 E = Vault monster count
 F = Vault count percentage of total count
                 A         B        C        D         E       F
            +---------+---------+-------+---------+---------+-------
      Total |     406 |      27 |   6.2 |      86 |       8 |   8.5
            +---------+---------+-------+---------+---------+-------
        D:1 |      39 |       0 |   0.0 |      20 |       0 |   0.0
        D:2 |      66 |      15 |  18.5 |      21 |       2 |   8.7
        D:3 |     156 |      12 |   7.1 |      28 |       6 |  17.6
        D:4 |     145 |       0 |   0.0 |      17 |       0 |   0.0
            +---------+---------+-------+---------+---------+-------
